 Dungeon Crawl Stone Soup version 0.18-a0-1514-g6ed9364 (webtiles) character file.

479 hunger the Chopper (level 7, -1/66 HPs)
             Began as a Tengu Berserker on Mar 6, 2016.
             Was a Priest of Trog.
             Killed from afar by Natasha (7 damage)
             ... with a magic dart
             ... on level 4 of the Dungeon.
             The game lasted 00:43:17 (3612 turns).

hunger the Chopper (Tengu Berserker)                Turns: 3612, Time: 00:43:17

Health: -1/66      AC:  5    Str: 24    XL:     7   Next: 11%
Magic:  8/8        EV: 13    Int:  8    God:    Trog [***...]
Gold:   169        SH:  0    Dex: 13    Spells: 0 memorised, 6 levels left

rFire  . . .     SeeInvis +     q - +0 hand axe (elec)
rCold  . . .     Gourm    .     e - +0 ring mail
rNeg   . . .     Faith    .     (no shield)
rPois  .         Spirit   .     (helmet restricted)
rElec  .         Dismiss  .     (no cloak)
rCorr  .         Reflect  .     (no gloves)
SustAt .         Harm     .     (boots unavailable)
MR     ++...                    (no amulet)
Stlth  ..........               (no ring)
                                v - ring of see invisible

@: berserking, regenerating, slowed, very resistant to hostile enchantments,
extremely unstealthy
A: beak, talons 3, able to fly 1
a: Fly, Berserk, Trog's Hand, Burn Spellbooks, Renounce Religion


You were on level 4 of the Dungeon.
You worshipped Trog.
Trog was most pleased with you.
You were not hungry.

You visited 1 branch of the dungeon, and saw 4 of its levels.

You collected 169 gold pieces.

Inventory:

Hand Weapons
 q - a +0 hand axe of electrocution (weapon)
Armour
 b - a +0 animal skin
 e - a +0 ring mail (worn)
Jewellery
 k - an uncursed amulet of regeneration
 v - a ring of see invisible (left hand)
Wands
 s - a wand of flame (22/48)
Scrolls
 c - a scroll of enchant weapon {unknown}
 d - 4 scrolls of teleportation {unknown}
 r - a scroll of remove curse
Potions
 f - a potion of lignification {unknown}
 h - a potion of flight {unknown}
 i - a potion of heal wounds {unknown}
 l - a potion of ambrosia {unknown}
 m - a potion of resistance
 n - a potion of curing
 p - a potion of berserk rage {unknown}
 w - a potion of magic {unknown}
Comestibles
 g - 2 beef jerkies
 j - 3 meat rations
 o - 3 bread rations
 t - 2 chunks of flesh


   Skills:
 + Level 4.4 Fighting
 * Level 6.2 Axes
 - Level 3.0 Armour
 - Level 4.5 Dodging


You had 6 spell levels left.
You didn't know any spells.

Dungeon Overview and Level Annotations

Branches:
Dungeon (4/15)
 Temple: D:4-7

Altars:
Gozag
Kikubaaqudgha
Makhleb
Pakellas
Trog
Yredelemnul

Annotations:
D:4 Natasha


Innate Abilities, Weirdness & Mutations

You have a beak for a mouth.
You have claws for feet.
You can fly.


Message History

Natasha is moderately wounded.
Natasha howls an incantation.
Natasha's fingertips start to glow.
Natasha claws you but does no damage.
You closely miss Natasha. You peck Natasha.
Natasha is heavily wounded.
Natasha claws you.
* * * LOW HITPOINT WARNING * * *
Natasha claws you.
* * * LOW HITPOINT WARNING * * *
Your skin crawls.
You feel resistant to hostile enchantments.
You feel slightly more hungry. Natasha claws you.
* * * LOW HITPOINT WARNING * * *
A red film seems to cover your vision as you go berserk!
You feel yourself moving faster!
You feel mighty!
You feel quite a bit more hungry.
Natasha stares at you and mumbles some strange words.
The magic dart hits you!
You die...

#### #.#.###.###.###...####.#.
...######.#.........#...####...#.
..........#####.#####....#...###.
######......###.##...............
#.####.##..##........######. ####
#.# #....###.......## #.
...###.#######...........# #.
##..........####.........# ##
####..####.....@h###.###########
##.#######......##.###........
###..# #......#.................
#...## #.##)..###.##..##........
##.### ######.# ####..##........
##.# #.# ##^##........ ...# #.#
#..##.###### .######.# #+#
#........... ........# ⌠ ⌠
.....######.


You could see Natasha.

Vanquished Creatures
  Duvessa (D:4)
  Blork the orc (D:4)
  Dowan (D:4)
  2 orc priests (D:3)
  Terence (D:2)
  Natasha (D:4)
  A worker ant (D:4)
  3 adders
  An ooze (D:1)
  A worm (D:3)
  A dart slug (D:1)
  A giant gecko (D:3)
  9 orcs
  4 giant cockroaches
  7 goblins
  10 hobgoblins
  7 jackals
  9 kobolds
  A quokka (D:2)
  12 bats
  A giant newt (D:1)
  7 rats
82 creatures vanquished.

Vanquished Creatures (others)
  A human (D:3)
1 creature vanquished.

Grand Total: 83 creatures vanquished

Notes
Turn   | Place    | Note
--------------------------------------------------------------
     0 | D:1      | hunger the Tengu Berserker began the quest for the Orb.
     0 | D:1      | Reached XP level 1. HP: 14/14 MP: 2/2
   232 | D:1      | Reached XP level 2. HP: 13/19 MP: 3/3
  1307 | D:1      | Reached XP level 3. HP: 14/23 MP: 4/4
  1529 | D:1      | Reached ** piety under Trog
  2046 | D:2      | Found a basalt altar of Yredelemnul.
  2088 | D:2      | Found an oddly glowing altar of Pakellas.
  2168 | D:2      | Noticed Terence
  2183 | D:2      | Killed Terence
  2183 | D:2      | Reached XP level 4. HP: 28/28 MP: 5/5
  2429 | D:2      | Found a burning altar of Makhleb.
  2431 | D:2      | Noticed a green death
  2687 | D:3      | Reached skill level 4 in Axes
  2688 | D:3      | Gained mutation: You can fly. [Tengu growth]
  2688 | D:3      | Reached XP level 5. HP: 32/32 MP: 6/6
  2830 | D:3      | Reached *** piety under Trog
  2880 | D:3      | Found a faded altar to an unknown god.
  3088 | D:3      | Found an opulent altar of Gozag.
  3101 | D:3      | Found an ancient bone altar of Kikubaaqudgha.
  3102 | D:3      | Noticed a human
  3104 | D:3      | Killed a human
  3144 | D:4      | Found a bloodstained altar of Trog.
  3255 | D:4      | Noticed Blork the orc
  3263 | D:4      | Killed Blork the orc
  3263 | D:4      | Reached XP level 6. HP: 27/38 MP: 7/7
  3350 | D:4      | Reached skill level 5 in Axes
  3447 | D:4      | Noticed Natasha
  3453 | D:4      | Killed Natasha
  3512 | D:4      | Noticed Dowan
  3513 | D:4      | Noticed Duvessa
  3522 | D:4      | Killed Duvessa
  3524 | D:4      | Killed Dowan
  3524 | D:4      | Reached skill level 6 in Axes
  3524 | D:4      | Reached XP level 7. HP: 14/44 MP: 8/8
  3605 | D:4      | Noticed Natasha
  3612 | D:4      | Killed from afar by Natasha

Vault maps used:
D:1:      evilmike_arrival_plus, hangedman_feature_mirror
D:2:      lemuel_crystal_altar, yredelemnul_altar_generic,
          makhleb_altar_promises_db, minmay_misc_feat_roman, uniq_terence
D:3:      lemuel_round_altar, first_bread, ecumenical_altar_2, tgw_kikubaaqudgha
D:4:      nicolae_overflow_crystal_walls, temple_doors_e, patterned_corridor,
          uniq_blork_the_orc, uniq_natasha, uniq_duvessa

Skill      XL: |  1  2  3  4  5  6 |
---------------+-------------------+-----
Dodging        | 3 4 |  4.5
Axes           | 4 6 |  6.2
Armour         | 3 |  3.0
Fighting       | 4 |  4.4

Action                   |  1- 3 |  4- 6 |  7- 9 || total
-------------------------+-------+-------+-------++-------
Melee: Hand axe          |   124 |   104 |     2 ||   230
Invok: Berserk           |     2 |     3 |     1 ||     6
       Trog's Hand       |       |       |     1 ||     1
 Abil: Fly               |       |     1 |       ||     1
  Use: Potion            |     1 |       |       ||     1
       Scroll            |       |     3 |       ||     3
  Eat: Chunk             |     1 |     6 |     1 ||     8
       Bread ration      |     1 |       |       ||     1
       Beef jerky        |     1 |       |       ||     1
